L3
MACAU MILLIONAIRES @ JUNAGADH LEGION
05/23/2111
 
TOP OF THE 1ST
Macau Millionaires batting - Pitching for Junagadh Legion : RHP Waleed Mukiri
Pitching: RHP Waleed Mukiri
Batting: SHB Abdul-Hakim Taysir 0-0: Called Strike
0-1: Ball
1-1: Ball
2-1: Ball
3-1: Base on Balls
Batting: RHB Diptavirya Praharaj 0-0: Sac Bunt to 2L - play at second, runner OUT! 2-6
Batting: RHB So Hoang 0-0: Called Strike
Diptavirya Praharaj steals 2nd base
0-1: Foul Ball, location: 2F
0-2: Ball
1-2: Ball
2-2: Ball
Wild Pitch!
Diptavirya Praharaj to third
3-2: Foul Ball, location: 9LMF
3-2: Strikes out swinging
Batting: RHB Mahjoub Kamomba 0-0: Fly out, F1 (Line Drive, P, EV 69.4 MPH)
Top of the 1st over - 0 runs, 0 hits, 0 errors, 1 left on base; Macau 0 - Junagadh 0
BOTTOM OF THE 1ST
Junagadh Legion batting - Pitching for Macau Millionaires : RHP Guo-ning Dee
Pitching: RHP Guo-ning Dee
Batting: RHB Jian-gun Chen 0-0: Called Strike
0-1: Foul Ball, location: 2F
0-2: Strikes out looking
Batting: RHB Afaghis Marango 0-0: Fly out, F7 (Flyball, 78S, EV 93.8 MPH)
Batting: SHB Tubrady Patching 0-0: Ground out 6-3 (Groundball, 56, EV 105.0 MPH)
Bottom of the 1st over - 0 runs, 0 hits, 0 errors, 0 left on base; Macau 0 - Junagadh 0
TOP OF THE 2ND
Macau Millionaires batting - Pitching for Junagadh Legion : RHP Waleed Mukiri
Batting: RHB Lukwongwa Akbar 0-0: Foul Ball, location: 2F
0-1: Swinging Strike
0-2: Ball
1-2: Ball
2-2: Ball
3-2: Fly out, F7 (Line Drive, 78S, EV 93.1 MPH)
Batting: RHB Fekadu Peyisai 0-0: Called Strike
0-1: Ball
1-1: Ground out 6-3 (Groundball, 6, EV 81.9 MPH)
Batting: RHB Ibraheem Amir 0-0: Swinging Strike
0-1: Ball
1-1: Foul Ball, location: 2RF
1-2: Foul Ball, location: 2F
1-2: Foul Ball, location: 2F
1-2: Ball
2-2: Fly out, F9 (Flyball, 9, EV 96.9 MPH)
Top of the 2nd over - 0 runs, 0 hits, 0 errors, 0 left on base; Macau 0 - Junagadh 0
BOTTOM OF THE 2ND
Junagadh Legion batting - Pitching for Macau Millionaires : RHP Guo-ning Dee
Batting: RHB Uzmir Shomari 0-0: Foul Ball, location: 9LMF
0-1: Fly out, F8 (Flyball, 89M, EV 96.3 MPH)
Batting: RHB Yvan Leblanc 0-0: Swinging Strike
0-1: Ball
1-1: Ball
2-1: Swinging Strike
2-2: Ball
3-2: Foul Ball, location: 2LF
3-2: Foul Ball, location: 2F
3-2: Fly out, F4 (Line Drive, 4M, EV 67.5 MPH)
Batting: RHB Önal Türkes 0-0: Ground out 5-3 (Groundball, 56S, EV 80.0 MPH)
Bottom of the 2nd over - 0 runs, 0 hits, 0 errors, 0 left on base; Macau 0 - Junagadh 0
TOP OF THE 3RD
Macau Millionaires batting - Pitching for Junagadh Legion : RHP Waleed Mukiri
Batting: LHB Qing-nian Bian 0-0: Ball
1-0: Foul Ball, location: 3FF
1-1: Swinging Strike
1-2: Fly out, F7 (Flyball, 7S, EV 80.6 MPH)
Batting: RHB Alex Mendoza 0-0: Called Strike
0-1: SINGLE (Line Drive, 34D, EV 98.8 MPH)
Batting: SHB Abdul-Hakim Taysir 0-0: Called Strike
0-1: Fly out, F8 (Line Drive, 8LD, EV 92.5 MPH)
Batting: RHB Diptavirya Praharaj 0-0: Called Strike
0-1: Foul Ball, location: 2F
0-2: Strikes out looking
Top of the 3rd over - 0 runs, 1 hit, 0 errors, 1 left on base; Macau 0 - Junagadh 0
BOTTOM OF THE 3RD
Junagadh Legion batting - Pitching for Macau Millionaires : RHP Guo-ning Dee
Batting: SHB Knut Hoffmann 0-0: Called Strike
0-1: Foul Ball, location: 7LMF
0-2: Fly out, F3 (Line Drive, 3, EV 63.8 MPH)
Batting: RHB Rahmad Susanti 0-0: Called Strike
0-1: Ground out 4-3 (Groundball, 4M, EV 81.3 MPH)
Batting: SHB Alexandru Lupan 0-0: Ground out 4-3 (Groundball, 4M, EV 81.9 MPH)
Bottom of the 3rd over - 0 runs, 0 hits, 0 errors, 0 left on base; Macau 0 - Junagadh 0
TOP OF THE 4TH
Macau Millionaires batting - Pitching for Junagadh Legion : RHP Waleed Mukiri
Batting: RHB So Hoang 0-0: Ball
1-0: Ball
2-0: Ground out 6-3 (Groundball, 6, EV 86.9 MPH)
Batting: RHB Mahjoub Kamomba 0-0: Foul Ball, location: 9LSF
0-1: Ball
1-1: Foul Ball, location: 7LSF
1-2: Ball
2-2: Ball
3-2: Fly out, F4 (Popup, 34S, EV 85.6 MPH)
Batting: RHB Lukwongwa Akbar 0-0: Ball
1-0: Ball
2-0: Ball
3-0: Called Strike
3-1: Base on Balls
Batting: RHB Fekadu Peyisai 0-0: Fly out, F7 (Flyball, 7, EV 93.1 MPH)
Top of the 4th over - 0 runs, 0 hits, 0 errors, 1 left on base; Macau 0 - Junagadh 0
BOTTOM OF THE 4TH
Junagadh Legion batting - Pitching for Macau Millionaires : RHP Guo-ning Dee
Batting: RHB Jian-gun Chen 0-0: Called Strike
0-1: Ball
1-1: Ball
2-1: Fly out, F9 (Flyball, 89M, EV 92.5 MPH)
Batting: RHB Afaghis Marango 0-0: Ground out 4-3 (Groundball, 4, EV 107.5 MPH)
Batting: SHB Tubrady Patching 0-0: Ball
1-0: Ball
2-0: Ball
3-0: Called Strike
3-1: Fly out, F7 (Flyball, 78XD, EV 100.6 MPH)
Bottom of the 4th over - 0 runs, 0 hits, 0 errors, 0 left on base; Macau 0 - Junagadh 0
TOP OF THE 5TH
Macau Millionaires batting - Pitching for Junagadh Legion : RHP Waleed Mukiri
Batting: RHB Ibraheem Amir 0-0: Called Strike
0-1: Ball
1-1: Ball
2-1: Ground out 4-3 (Groundball, 4, EV 83.1 MPH)
Batting: LHB Qing-nian Bian 0-0: SINGLE (Groundball, 34D, EV 105.0 MPH)
Batting: RHB Alex Mendoza 0-0: Ball
1-0: Ball
2-0: Bunted foul
2-1: Sac Bunt to 13S - play at first, batter OUT! 1-3
Qing-nian Bian to second
Batting: SHB Abdul-Hakim Taysir 0-0: Ball
1-0: Foul Ball, location: 2F
1-1: Called Strike
1-2: Foul Ball, location: 7LMF
1-2: Ball
Passed Ball!
Qing-nian Bian to third
2-2: Ball
3-2: Fly out, F3 (Popup, 3SF, EV 70.6 MPH)
Top of the 5th over - 0 runs, 1 hit, 0 errors, 1 left on base; Macau 0 - Junagadh 0
BOTTOM OF THE 5TH
Junagadh Legion batting - Pitching for Macau Millionaires : RHP Guo-ning Dee
Batting: RHB Uzmir Shomari 0-0: Called Strike
0-1: Ball
1-1: Swinging Strike
1-2: Strikes out swinging
Batting: RHB Yvan Leblanc 0-0: Called Strike
0-1: Ball
1-1: Called Strike
1-2: Foul Ball, location: 9LDF
1-2: Foul Ball, location: 9LSF
1-2: Foul Ball, location: 2F
1-2: Ball
2-2: Ball
3-2: Strikes out swinging
Batting: RHB Önal Türkes 0-0: Ball
1-0: SINGLE (Groundball, 4MD, EV 101.9 MPH)
Batting: SHB Knut Hoffmann 0-0: Ball
1-0: Ball
2-0: Called Strike
2-1: Fly out, F9 (Flyball, 9S, EV 90.6 MPH)
Bottom of the 5th over - 0 runs, 1 hit, 0 errors, 1 left on base; Macau 0 - Junagadh 0
TOP OF THE 6TH
Macau Millionaires batting - Pitching for Junagadh Legion : RHP Waleed Mukiri
Batting: RHB Diptavirya Praharaj 0-0: Ball
1-0: Ball
2-0: Called Strike
2-1: Foul Ball, location: 3FF
2-2: Ball
3-2: Strikes out swinging
Batting: RHB So Hoang 0-0: Fly out, F8 (Line Drive, 8RM, EV 94.4 MPH)
Batting: RHB Mahjoub Kamomba 0-0: Ball
1-0: Foul Ball, location: 9LDF
1-1: Foul Ball, location: 3F
1-2: Fly out, F3 (Popup, 3F, EV 60.6 MPH)
Top of the 6th over - 0 runs, 0 hits, 0 errors, 0 left on base; Macau 0 - Junagadh 0
BOTTOM OF THE 6TH
Junagadh Legion batting - Pitching for Macau Millionaires : RHP Guo-ning Dee
Batting: RHB Rahmad Susanti 0-0: Ball
1-0: Swinging Strike
1-1: Swinging Strike
1-2: Strikes out swinging
Batting: SHB Alexandru Lupan 0-0: Fly out, F8 (Flyball, 8LS, EV 91.9 MPH)
Batting: RHB Jian-gun Chen 0-0: Reached on error, E1 (Groundball, 13S, EV 56.3 MPH)
Batting: RHB Afaghis Marango 0-0: Ground out U3 (Groundball, 3, EV 104.4 MPH)
Bottom of the 6th over - 0 runs, 0 hits, 1 error, 1 left on base; Macau 0 - Junagadh 0
TOP OF THE 7TH
Macau Millionaires batting - Pitching for Junagadh Legion : RHP Waleed Mukiri
Batting: RHB Lukwongwa Akbar 0-0: Ball
1-0: Ball
2-0: Foul Ball, location: 2LF
2-1: Foul Ball, location: 9LSF
2-2: Ball
3-2: Ground out 5-3 (Groundball, 5S, EV 69.4 MPH)
Batting: RHB Fekadu Peyisai 0-0: Ball
1-0: Fly out, F7 (Flyball, 7, EV 97.5 MPH)
Batting: RHB Ibraheem Amir 0-0: SINGLE (Line Drive, 4D, EV 95.0 MPH)
Batting: LHB Qing-nian Bian 0-0: Swinging Strike
0-1: Ball
1-1: Ball
2-1: Ground out 4-3 (Groundball, 4S, EV 90.6 MPH)
Top of the 7th over - 0 runs, 1 hit, 0 errors, 1 left on base; Macau 0 - Junagadh 0
BOTTOM OF THE 7TH
Junagadh Legion batting - Pitching for Macau Millionaires : RHP Guo-ning Dee
Batting: SHB Tubrady Patching 0-0: Ball
1-0: Swinging Strike
1-1: Ball
2-1: Ground out 4-3 (Groundball, 4MD, EV 101.9 MPH)
Batting: RHB Uzmir Shomari 0-0: Called Strike
0-1: SINGLE (Groundball, 34D, EV 95.0 MPH)
Batting: RHB Yvan Leblanc 0-0: Called Strike
0-1: Fly out, F7 (Flyball, 7S, EV 90.0 MPH)
Batting: RHB Önal Türkes 0-0: Called Strike
0-1: Called Strike
0-2: Strikes out swinging
Bottom of the 7th over - 0 runs, 1 hit, 0 errors, 1 left on base; Macau 0 - Junagadh 0
TOP OF THE 8TH
Macau Millionaires batting - Pitching for Junagadh Legion : RHP Waleed Mukiri
Pinch Hitting: RHB Xamida Teremesha 0-0: Foul Ball, location: 9LDF
0-1: Ball
1-1: Called Strike
1-2: Ball
2-2: Ball
3-2: Base on Balls
Batting: SHB Abdul-Hakim Taysir 0-0: Called Strike
0-1: Ball
1-1: Fly out, F7 (Flyball, 7, EV 90.6 MPH)
Batting: RHB Diptavirya Praharaj 0-0: Bunted foul
0-1: Sac Bunt to P - play at second, runner OUT! 1-6
Batting: RHB So Hoang 0-0: Ball
1-0: Called Strike
1-1: Fielders Choice at 2nd, 5-4 (Groundball, 56, EV 88.8 MPH)
Top of the 8th over - 0 runs, 0 hits, 0 errors, 1 left on base; Macau 0 - Junagadh 0
BOTTOM OF THE 8TH
Junagadh Legion batting - Pitching for Macau Millionaires : RHP Guo-ning Dee
Now in LF: Wincent Nicpon
Now in RF: Lukwongwa Akbar
Batting: SHB Knut Hoffmann 0-0: Swinging Strike
0-1: Foul Ball, location: 2F
0-2: Ground out 4-3 (Groundball, 4S, EV 88.1 MPH)
Batting: RHB Rahmad Susanti 0-0: Called Strike
0-1: Ball
1-1: Swinging Strike
1-2: Ball
2-2: Fly out, F7 (Flyball, 78S, EV 98.1 MPH)
Pinch Hitting: RHB Driss al-Sanussi 0-0: Ball
1-0: Called Strike
1-1: Fly out, F9 (Flyball, 9D, EV 108.1 MPH)
Bottom of the 8th over - 0 runs, 0 hits, 0 errors, 0 left on base; Macau 0 - Junagadh 0
TOP OF THE 9TH
Macau Millionaires batting - Pitching for Junagadh Legion : RHP Waleed Mukiri
Now at C: Matteo Cottolengo
Batting: RHB Mahjoub Kamomba 0-0: Called Strike
0-1: Ball
1-1: SINGLE (Line Drive, 34D, EV 96.9 MPH)
Batting: RHB Lukwongwa Akbar 0-0: Ball
1-0: Fielders Choice at 2nd, 4-6 (Groundball, 4, EV 88.8 MPH)
Batting: RHB Fekadu Peyisai 0-0: Called Strike
0-1: Fielders Choice at 2nd, 6-4 (Groundball, 6, EV 79.4 MPH)
Batting: RHB Ibraheem Amir 0-0: Foul Ball, location: 3F
0-1: Foul Ball, location: 3FF
0-2: Ball
1-2: Strikes out swinging
Top of the 9th over - 0 runs, 1 hit, 0 errors, 1 left on base; Macau 0 - Junagadh 0
BOTTOM OF THE 9TH
Junagadh Legion batting - Pitching for Macau Millionaires : RHP Guo-ning Dee
Batting: RHB Jian-gun Chen 0-0: Called Strike
0-1: Fly out, F9 (Flyball, 89S, EV 75.6 MPH)
Batting: RHB Afaghis Marango 0-0: Foul Ball, location: 2F
0-1: Ball
1-1: Ball
2-1: Ground out 6-3 (Groundball, 6, EV 76.9 MPH)
Batting: SHB Tubrady Patching 0-0: Ball
1-0: Ball
2-0: SINGLE (Groundball, 6MD, EV 110.6 MPH)
Pitching: RHP Wajeeh bin Nooh
Batting: RHB Uzmir Shomari 0-0: Ball
Tubrady Patching steals 2nd base
1-0: Foul Ball, location: 5DF
1-1: Swinging Strike
1-2: Ball
2-2: 2-RUN HOME RUN (Flyball, 8RXD, EV 113.1 MPH), Distance : 433 ft
Bottom of the 9th over - 2 runs, 2 hits, 0 errors, 0 left on base; Macau 0 - Junagadh 2
Wednesday, August 28th , 2024 - OOTP Baseball 25.8 Build 87